2146 views
Uploaded 2022-05-31 00:25:31
Game version 1.32.10
29:33 long 1on1 ladder game on (2)EchoIsles
Saved by ReXBoA
2146 views
Uploaded 2022-05-31 00:25:31
Game version 1.32.10
29:33 long 1on1 ladder game on (2)EchoIsles

66 units @ 11k
/ 0.9k
20 buildings @ 3.2k
/ 1.2k


| Healing Salve | 11 | 1100 |
| Scroll of Speed | 8 | 400 |
| Lesser Clarity Potion | 9 | 630 |
| Potion of Mana | 5 | 1000 |
| Potion of Healing | 2 | 300 |
| Scroll of Town Portal | 9 | 3150 |
| Scroll of Healing | 2 | 500 |
| Potion of Lesser Invulnerability | 2 | 300 |
| Wand of Lightning Shield | 1 | 150 |
| Wand of Mana Stealing | 1 | 400 |
| total: | 50 | 7930g |
| Peon | 17 | 1275 | / | 0 |
| Grunt | 19 | 3800 | / | 0 |
| Spirit Walker | 16 | 3120 | / | 560 |
| Troll Headhunter | 6 | 840 | / | 120 |
| Forest Troll Berserker | 8 | 1960 | / | 240 |
| total: | 66 | 10995g | / | 920w |
| Watch Tower | 4 | 440 | / | 320 |
| Altar of Storms | 1 | 180 | / | 50 |
| Orc Burrow | 9 | 1440 | / | 360 |
| Barracks | 1 | 180 | / | 50 |
| Voodoo Lounge | 2 | 260 | / | 60 |
| War Mill | 1 | 205 | / | 0 |
| Great Hall | 1 | 385 | / | 185 |
| Tauren Totem | 1 | 135 | / | 155 |
| Stronghold | 1 | 315 | / | 190 |
| total: | 20 | 3225g | / | 1180w |
| 0:02 | Peon |
| 0:02 | Peon |
| 0:02 | Peon |
| 0:05 | Altar of Storms |
| 0:18 | Orc Burrow |
| 0:33 | Barracks |
| 0:41 | Peon |
| 0:41 | Peon |
| 1:02 | Peon |
| 1:13 | Peon |
| 1:29 | Orc Burrow |
| 1:34 | Grunt |
| 1:35 | Grunt |
| 1:45 | Voodoo Lounge |
| 1:54 | Peon |
| 1:54 | Peon |
| 2:07 | Endurance Aura |
| 2:21 | Grunt |
| 2:53 | Healing Salve |
| 2:55 | Stronghold |
| 3:20 | Grunt |
| 3:50 | Orc Burrow |
| 3:55 | Grunt |
| 4:13 | War Mill |
| 4:21 | Shockwave |
| 4:36 | Healing Salve |
| 4:36 | Scroll of Speed |
| 5:17 | Berserker Strength |
| 5:21 | Tauren Totem |
| 5:41 | Cluster Rockets |
| 5:51 | Orc Burrow |
| 6:26 | Healing Salve |
| 6:26 | Lesser Clarity Potion |
| 6:26 | Scroll of Speed |
| 6:31 | Reinforced Defenses |
| 6:32 | Spirit Walker Adept Training |
| 6:50 | Grunt |
| 7:04 | Orc Burrow |
| 7:35 | Orc Burrow |
| 7:57 | Spirit Walker |
| 8:00 | Steel Armor |
| 8:00 | Thorium Armor |
| 8:16 | Shockwave |
| 8:29 | Forest Troll Berserker |
| 8:29 | Forest Troll Berserker |
| 8:36 | Spirit Walker |
| 8:51 | Engineering Upgrade |
| 9:04 | Arcanite Armor |
| 9:09 | Spirit Walker |
| 9:09 | Spirit Walker |
| 10:10 | Spirit Walker |
| 10:12 | Steel Melee Weapons |
| 10:16 | Lesser Clarity Potion |
| 10:17 | Scroll of Speed |
| 10:18 | Potion of Mana |
| 10:26 | Healing Salve |
| 10:27 | Lesser Clarity Potion |
| 10:54 | Grunt |
| 10:55 | Spirit Walker |
| 11:02 | Spirit Walker |
| 11:03 | Grunt |
| 11:35 | Grunt |
| 12:02 | Forest Troll Berserker |
| 12:02 | Forest Troll Berserker |
| 12:08 | Grunt |
| 12:30 | Cluster Rockets |
| 12:45 | Endurance Aura |
| 12:50 | Grunt |
| 13:17 | Scroll of Town Portal |
| 13:17 | Potion of Lesser Invulnerability |
| 13:29 | Great Hall |
| 13:34 | Pillage |
| 13:38 | Thorium Melee Weapons |
| 14:09 | Wand of Lightning Shield |
| 14:38 | Grunt |
| 14:38 | Spirit Walker |
| 15:19 | Grunt |
| 15:20 | Spirit Walker |
| 15:35 | Healing Salve |
| 15:35 | Lesser Clarity Potion |
| 15:35 | Scroll of Speed |
| 15:39 | Lesser Clarity Potion |
| 15:49 | Healing Salve |
| 15:54 | Spirit Walker |
| 16:03 | Potion of Mana |
| 16:17 | Peon |
| 16:26 | Peon |
| 16:42 | Watch Tower |
| 16:57 | Lesser Clarity Potion |
| 16:57 | Scroll of Speed |
| 16:59 | Potion of Healing |
| 17:06 | Forest Troll Berserker |
| 17:06 | Forest Troll Berserker |
| 17:10 | Peon |
| 17:14 | Peon |
| 17:30 | Watch Tower |
| 17:37 | Voodoo Lounge |
| 17:55 | Grunt |
| 17:55 | Spirit Walker |
| 17:57 | Spirit Walker |
| 17:57 | Spirit Walker |
| 18:15 | Engineering Upgrade |
| 18:21 | Shockwave |
| 18:34 | Grunt |
| 18:34 | Spirit Walker |
| 18:46 | Potion of Mana |
| 18:46 | Potion of Mana |
| 18:48 | Scroll of Speed |
| 19:14 | Grunt |
| 19:14 | Spirit Walker |
| 19:44 | Grunt |
| 19:46 | Healing Salve |
| 19:47 | Healing Salve |
| 19:47 | Lesser Clarity Potion |
| 19:47 | Scroll of Speed |
| 20:12 | Potion of Healing |
| 20:16 | Lesser Clarity Potion |
| 20:17 | Scroll of Speed |
| 20:39 | Scroll of Healing |
| 20:39 | Potion of Lesser Invulnerability |
| 20:46 | Scroll of Healing |
| 21:20 | Grunt |
| 21:25 | Spirit Walker |
| 21:35 | Scroll of Town Portal |
| 21:45 | Potion of Mana |
| 21:51 | Healing Salve |
| 22:16 | Wand of Mana Stealing |
| 22:32 | Grunt |
| 22:39 | Peon |
| 22:40 | Peon |
| 22:40 | Peon |
| 22:40 | Peon |
| 22:51 | Troll Headhunter |
| 23:01 | Watch Tower |
| 23:27 | Troll Headhunter |
| 23:40 | Healing Salve |
| 23:44 | Healing Salve |
| 24:12 | Forest Troll Berserker |
| 24:12 | Forest Troll Berserker |
| 24:44 | Orc Burrow |
| 25:18 | Cluster Rockets |
| 25:19 | Troll Headhunter |
| 25:39 | Lesser Clarity Potion |
| 25:45 | Troll Headhunter |
| 26:07 | Troll Headhunter |
| 26:24 | Watch Tower |
| 26:48 | Reincarnation |
| 26:58 | Scroll of Town Portal |
| 26:58 | Scroll of Town Portal |
| 26:58 | Scroll of Town Portal |
| 26:58 | Scroll of Town Portal |
| 26:58 | Scroll of Town Portal |
| 26:58 | Scroll of Town Portal |
| 26:58 | Scroll of Town Portal |
| 27:42 | Orc Burrow |
| 28:39 | Orc Burrow |
| 28:59 | Troll Headhunter |
| Select group | 4067 |
| Right click | 2739 |
| Select | 1488 |
| Use ability | 226 |
| Build/train/purchase | 214 |
| Misc. action | 160 |
| Assign group | 53 |
| Item give/drop | 12 |
| Esc | 3 |
| Chat | 3 |
40 units @ 5.4k
/ 0.7k
15 buildings @ 2.5k
/ 1.3k



| Staff of Preservation | 3 | 450 |
| Orb of Venom | 3 | 975 |
| Lesser Clarity Potion | 8 | 560 |
| Potion of Healing | 3 | 450 |
| Moonstone | 3 | 150 |
| Scroll of Healing | 5 | 1250 |
| Scroll of Town Portal | 1 | 350 |
| Dust of Appearance | 1 | 75 |
| Boots of Speed | 1 | 250 |
| Potion of Lesser Invulnerability | 1 | 150 |
| Potion of Invisibility | 1 | 100 |
| Wand of Illusion | 1 | 150 |
| total: | 31 | 4910g |
| Wisp | 13 | 780 | / | 0 |
| Archer | 5 | 650 | / | 50 |
| Druid of the Talon | 16 | 2320 | / | 320 |
| Chimaera | 4 | 1320 | / | 280 |
| Faerie Dragon | 2 | 310 | / | 50 |
| total: | 40 | 5380g | / | 700w |
| Altar of Elders | 1 | 180 | / | 50 |
| Moon Well | 5 | 900 | / | 200 |
| Ancient of War | 1 | 150 | / | 60 |
| Ancient of Wonders | 2 | 180 | / | 60 |
| Hunter's Hall | 1 | 210 | / | 100 |
| Tree of Life | 1 | 340 | / | 185 |
| Ancient of Wind | 2 | 300 | / | 280 |
| Chimaera Roost | 2 | 280 | / | 380 |
| Tree of Ages | 2 | 640 | / | 360 |
| Tree of Eternity | 1 | 330 | / | 200 |
| total: | 15 | 2540g | / | 1315w |
| 0:01 | Wisp |
| 0:06 | Altar of Elders |
| 0:08 | Wisp |
| 0:16 | Moon Well |
| 0:22 | Wisp |
| 0:36 | Ancient of War |
| 0:37 | Wisp |
| 0:37 | Wisp |
| 0:45 | Wisp |
| 0:54 | Wisp |
| 1:04 | Wisp |
| 1:11 | Wisp |
| 1:33 | Moon Well |
| 1:37 | Archer |
| 1:43 | Wisp |
| 1:43 | Wisp |
| 2:19 | Ancient of Wonders |
| 2:34 | Mana Burn |
| 2:43 | Tree of Ages |
| 3:04 | Archer |
| 3:06 | Moon Well |
| 3:23 | Archer |
| 3:44 | Archer |
| 4:01 | Ancient of Wonders |
| 4:09 | Boots of Speed |
| 4:17 | Archer |
| 5:07 | Summon Quilbeast |
| 5:13 | Ancient of Wind |
| 5:14 | Ancient of Wind |
| 5:38 | Tree of Eternity |
| 6:16 | Druid of the Talon Adept Training |
| 6:17 | Druid of the Talon |
| 6:28 | Staff of Preservation |
| 6:42 | Druid of the Talon |
| 6:58 | Druid of the Talon |
| 7:39 | Moon Well |
| 7:45 | Druid of the Talon |
| 8:15 | Orb of Venom |
| 8:16 | Lesser Clarity Potion |
| 8:16 | Lesser Clarity Potion |
| 8:35 | Druid of the Talon Master Training |
| 8:52 | Summon Bear |
| 8:58 | Evasion |
| 9:06 | Pocket Factory |
| 9:18 | Druid of the Talon |
| 9:37 | Potion of Lesser Invulnerability |
| 9:44 | Scroll of Healing |
| 10:00 | Druid of the Talon |
| 11:26 | Hunter's Hall |
| 11:30 | Orb of Venom |
| 11:30 | Staff of Preservation |
| 11:30 | Lesser Clarity Potion |
| 11:34 | Druid of the Talon |
| 11:37 | Engineering Upgrade |
| 11:54 | Potion of Healing |
| 12:27 | Mana Burn |
| 12:28 | Summon Bear |
| 12:38 | Well Spring |
| 12:43 | Scroll of Healing |
| 12:43 | Scroll of Healing |
| 12:43 | Scroll of Healing |
| 12:59 | Druid of the Talon |
| 13:29 | Lesser Clarity Potion |
| 13:44 | Pocket Factory |
| 13:50 | Scroll of Town Portal |
| 14:00 | Orb of Venom |
| 15:16 | Druid of the Talon |
| 15:21 | Moonstone |
| 15:24 | Lesser Clarity Potion |
| 15:32 | Druid of the Talon |
| 15:42 | Druid of the Talon |
| 15:56 | Druid of the Talon |
| 16:14 | Evasion |
| 16:34 | Druid of the Talon |
| 16:51 | Scroll of Healing |
| 17:01 | Moonstone |
| 17:20 | Lesser Clarity Potion |
| 17:20 | Staff of Preservation |
| 17:37 | Druid of the Talon |
| 18:40 | Tree of Life |
| 18:50 | Chimaera Roost |
| 18:51 | Ultravision |
| 19:41 | Druid of the Talon |
| 19:52 | Lesser Clarity Potion |
| 20:10 | Potion of Healing |
| 20:16 | Chimaera |
| 20:20 | Chimaera Roost |
| 20:24 | Lesser Clarity Potion |
| 20:33 | Potion of Invisibility |
| 20:34 | Dust of Appearance |
| 21:28 | Faerie Dragon |
| 21:41 | Nature's Blessing |
| 21:59 | Chimaera |
| 23:26 | Potion of Healing |
| 24:01 | Moonstone |
| 24:48 | Wisp |
| 25:49 | Corrosive Breath |
| 26:17 | Wand of Illusion |
| 26:24 | Moon Well |
| 27:31 | Chimaera |
| 27:34 | Druid of the Talon |
| 27:40 | Wisp |
| 27:53 | Faerie Dragon |
| 28:34 | Chimaera |
| 29:03 | Summon Quilbeast |
| Right click | 2046 |
| Select group | 1115 |
| Select | 926 |
| Assign group | 340 |
| Build/train/purchase | 218 |
| Misc. action | 177 |
| Use ability | 103 |
| Item give/drop | 9 |
| Chat | 4 |
| Esc | 2 |